 Dungeon Crawl Stone Soup version 0.20.1-1-g8b1a95d (webtiles) character file.

23135 Jannitor the Martial Artist (level 12, -13/99 HPs)
             Began as a Mummy Monk on Aug 28, 2017.
             Mangled by a black mamba (20 damage)
             ... on level 9 of the Dungeon on Aug 29, 2017.
             The game lasted 01:17:18 (26688 turns).

Jannitor the Martial Artist (Mummy Monk)           Turns: 26688, Time: 01:17:19

Health: -13/99     AC:  6    Str: 21    XL:     12   Next: 69%
Magic:  12/12      EV: 18    Int:  9    God:
Gold:   567        SH: 12    Dex: 24    Spells: 11/11 levels left

rFire    x . .     SeeInvis .     - Unarmed
rCold    + . .     Gourm    .   i - +0 shield
rNeg     + + +     Faith    .   (no armour)
rPois    ∞         Spirit   .   (no helmet)
rElec    .         Reflect  .   (no cloak)
rCorr    .         Harm     .   l - +2 pair of gloves {archery}
MR       +....                  b - +2 pair of boots
Stlth    ++........             (no amulet)
Regen    0.3/turn               j - +5 ring of dexterity
MPRegen  0.2/turn               e - +6 ring of strength

@: no status effects
A: no food or potions, fire vulnerability, cold resistance 1, negative energy
resistance 3, torment resistance, unbreathing
a: no special abilities


You were on level 9 of the Dungeon.
You were not hungry.

You visited 4 branches of the dungeon, and saw 17 of its levels.
You also visited: Ice Cave.

You collected 937 gold pieces.
You spent 370 gold pieces at shops.

Inventory:

Hand Weapons
 n - the +4 Vampire's Tooth (quivered) {vamp}
   (You found it on level 5 of the Dungeon)

   It inflicts no extra harm, but heals its wielder when it wounds a living foe.
Armour
 b - a +2 pair of boots (worn)
 i - a +0 shield (worn)
 l - a +2 pair of gloves of archery (worn)
Jewellery
 e - a +6 ring of strength (right hand)
 h - a +2 ring of evasion
 j - a +5 ring of dexterity (left hand)
Scrolls
 a - a scroll of noise {unknown}
 c - 8 scrolls of remove curse
 d - 2 scrolls of enchant armour
 f - a scroll of blinking
 g - a scroll of fog
 k - a scroll of random uselessness
 m - 2 scrolls of teleportation
 o - 3 scrolls of immolation
 p - 3 scrolls of fear
 q - a scroll of vulnerability
 r - a scroll of silence {unknown}


   Skills:
 + Level 10.8 Fighting
 + Level 8.1 Dodging
 - Level 1.5 Stealth
 + Level 7.8 Shields
 * Level 11.8 Unarmed Combat


You had 11 spell levels left.
You didn't know any spells.

Dungeon Overview and Level Annotations

Branches:
Dungeon (10/15)            Temple (1/1) D:5            Lair (5/6) D:9
  Swamp (0/4) Lair:3       Spider (0/4) Lair:2        Slime (0/5) Lair:5
    Orc (1/2) D:9

Altars:
Elyvilon
Hepliaklqana
Kikubaaqudgha
Qazlal
Sif Muna
Uskayaw
Yredelemnul
Zin

Shops:
D:7 :*[   Orc:1 (

Annotations:
D:6 1 runed door
D:7 exclusions: 2 black bears and crocodile
D:9 exclusions: downstairs and upstairs
Lair:1 Joseph
Lair:2 exclusions: hydra, spiny frog and upstairs
Lair:3 exclusion: komodo dragon
Lair:5 exclusions: electric eel, komodo dragon, 3 oklob plants and spiny frog


Innate Abilities, Weirdness & Mutations

You do not eat or drink.
Your flesh is vulnerable to fire.
You are immune to poison.
Your flesh is cold resistant. (rC+)
You are immune to negative energy. (rN+++)
You are immune to unholy pain and torment.
You can survive without breathing.


Message History

The orc wizard gestures at you while chanting.
The magic dart hits you!
* * * LOW HITPOINT WARNING * * *
The orc wizard closely misses you.
Unknown command.
You block the orc wizard's attack.
Unknown command.
An orc comes into view.
The orc wizard casts a spell.
The orc wizard blinks!
Found a stone staircase leading down.
You block the orc's attack. You block the orc's attack.
There is a staircase back to the Dungeon here.
You climb upwards.
Welcome back to the Dungeon!
Level annotation: exclusions: downstairs and upstairs You block the black mamba's attack.
The black mamba bites you!
* * * LOW HITPOINT WARNING * * *
The black mamba bites you!!
You die...

>..........)......###############
.......).........................
##...###.........................
#.....##/............#########..#
....P..#.............# #..#
....P..#.............# #..#
.....................# #..#
...............[S....#########...
...>............@....%...........
...............).................
............................#####
.....P.#....................#####
.....[.#.........................
#.....###########................
##...## #...#########.... #.).##
#...# #....
...##############...#########t...


You could see a black mamba.

Vanquished Creatures
  2 two-headed ogres
  Pikel (D:4)
  3 elephants (Lair:5)
  A black mamba (Lair:2)
  4 spiny frogs
  A komodo dragon (Lair:3)
  A rime drake (Lair:3)
  A polar bear (IceCv)
  A queen bee (Lair:1)
  A troll (D:9)
  4 hippogriffs
  16 blink frogs
  14 yaks
  A spriggan (D:8)
  3 basilisks
  2 wyverns
  Grum (Lair:1)
  A hungry ghost (D:4)
  6 wargs
  Menkaure (D:6)
  6 water moccasins
  7 porcupines
  An orc warrior (D:9)
  A sky beast (D:9)
  2 slaves
  A hornet zombie (D:7)
  2 black bears
  11 ice beasts
  2 necrophages
  10 ogres
  A phantom (D:4)
  4 centaurs
  13 wolves
  6 crocodiles
  12 bullfrogs
  2 gnoll sergeants
  A wyvern skeleton (D:7)
  3 scorpions
  27 killer bees
  An electric eel (D:8)
  3 howler monkeys
  A bullfrog zombie (D:7)
  2 vampire bats (D:5)
  5 crimson imps
  2 quasits
  2 bullfrog skeletons
  3 hounds
  3 orc priests
  A gnoll shaman (D:4)
  Jessica (D:6)
  5 iguanas
  6 orc wizards
  7 worker ants
  2 hound zombies
  13 gnolls
  A howler monkey zombie (D:9)
  17 adders
  A shadow imp (D:9)
  An ooze (D:2)
  3 adder skeletons
  3 worms
  11 dart slugs
  9 leopard geckos
  28 orcs
  9 giant cockroaches
  2 gnoll zombies (D:8)
  5 goblins
  8 hobgoblins
  11 jackals
  12 kobolds
  A quokka (D:3)
  2 ball pythons (D:4)
  12 bats
  3 frilled lizards
  2 leopard gecko skeletons
  10 rats
  3 plants
388 creatures vanquished.

Vanquished Creatures (others)
  The ghost of letownia the Martial Artist, a journeyman OpTm of Gozag (Orc:1)
  9 fungi
  5 plants
15 creatures vanquished.

Grand Total: 403 creatures vanquished

Notes
Turn   | Place    | Note
-------+----------+-------------------------------------------
     0 | D:1      | Jannitor the Mummy Monk began the quest for the Orb.
     0 | D:1      | Reached XP level 1. HP: 18/18 MP: 1/1
   275 | D:1      | Reached XP level 2. HP: 12/24 MP: 2/2
  1255 | D:1      | Reached skill level 3 in Unarmed Combat
  1528 | D:1      | Reached XP level 3. HP: 29/29 MP: 3/3
  2260 | D:2      | Reached XP level 4. HP: 27/37 MP: 4/4
  3493 | D:2      | Reached XP level 5. HP: 34/42 MP: 5/5
  3562 | D:3      | Reached skill level 4 in Unarmed Combat
  4894 | D:4      | Noticed an ogre
  5074 | D:4      | Noticed a necrophage
  5091 | D:4      | Killed a necrophage
  5091 | D:4      | Reached skill level 1 in Shields
  5091 | D:4      | Reached XP level 6. HP: 29/50 MP: 6/6
  5325 | D:4      | Reached skill level 5 in Fighting
  5783 | D:4      | Noticed a hungry ghost
  5799 | D:4      | Killed a hungry ghost
  6082 | D:4      | Reached XP level 7. HP: 41/56 MP: 7/7
  6622 | D:5      | Entered Level 5 of the Dungeon
  6622 | D:5      | Noticed Pikel
  6708 | D:4      | Reached skill level 5 in Unarmed Combat
  6930 | D:5      | Found a staircase to the Ecumenical Temple.
  6948 | Temple   | Entered the Ecumenical Temple
  7898 | D:5      | Found an ancient bone altar of Kikubaaqudgha.
  8144 | D:5      | Reached XP level 8. HP: 62/64 MP: 8/8
  9329 | D:6      | Noticed Jessica
  9348 | D:6      | Killed Jessica
  9348 | D:6      | Reached skill level 6 in Unarmed Combat
  9352 | D:6      | Found a deep blue altar of Sif Muna.
  9395 | D:6      | Found a runed door.
  9634 | D:6      | Found a white marble altar of Elyvilon.
  9677 | D:7      | Found Ekaod's Antique Armour Boutique.
  9683 | D:7      | Bought a pair of embroidered gloves for 240 gold pieces
  9689 | D:7      | Found Wigimp's Assorted Antiques.
 10548 | D:6      | Noticed Menkaure
 10558 | D:6      | Killed Menkaure
 11178 | D:4      | Killed Pikel
 11178 | D:4      | Reached skill level 7 in Unarmed Combat
 11178 | D:4      | Reached XP level 9. HP: 51/71 MP: 9/9
 12610 | D:7      | Found Xomuirghe's Book Shop.
 12665 | D:7      | Found Uhymoakh's Assorted Antiques.
 12673 | D:7      | Bought a scroll labeled HILLEG PUNO for 26 gold pieces
 12673 | D:7      | Bought a scroll labeled DUIKAO ICOUTUSHRI for 26 gold pieces
 12673 | D:7      | Bought a scroll labeled ROAXYRI QERAU for 26 gold pieces
 12673 | D:7      | Bought a scroll of identify for 52 gold pieces
 12745 | D:8      | Reached skill level 5 in Dodging
 12758 | D:8      | Reached skill level 8 in Unarmed Combat
 12942 | D:8      | Reached skill level 5 in Shields
 13237 | D:9      | Found a stormy altar of Qazlal.
 13446 | D:9      | Found a glowing silver altar of Zin.
 13449 | D:9      | Found a hazy altar of Hepliaklqana.
 13477 | D:8      | Noticed a rust devil
 13477 | D:8      | Noticed a rust devil
 13710 | D:8      | Found a basalt altar of Yredelemnul.
 13801 | D:8      | Reached XP level 10. HP: 73/80 MP: 10/10
 14505 | D:9      | Found a staircase to the Orcish Mines.
 14933 | D:10     | Entered Level 10 of the Dungeon
 14946 | D:9      | Noticed a two-headed ogre
 14967 | D:8      | Killed a two-headed ogre
 15385 | D:9      | Reached skill level 9 in Unarmed Combat
 15865 | D:9      | Found a staircase to the Lair.
 15998 | D:9      | Found a hide-covered altar of Uskayaw.
 16135 | D:9      | Noticed a death yak
 16152 | Lair:1   | Entered Level 1 of the Lair of Beasts
 16156 | Lair:1   | Noticed a black mamba
 16176 | Orc:1    | Entered Level 1 of the Orcish Mines
 16181 | Orc:1    | Noticed letownia's ghost (journeyman OpTm)
 16268 | D:10     | Noticed a two-headed ogre
 16298 | D:9      | Killed a two-headed ogre
 17162 | D:9      | Reached XP level 11. HP: 81/87 MP: 11/11
 17513 | Lair:1   | You fall through a shaft!
 17567 | Lair:2   | Found a frozen archway.
 17714 | IceCv    | Entered an ice cave
 17803 | IceCv    | Reached skill level 10 in Unarmed Combat
 18042 | Lair:1   | Found a glowing silver altar of Zin.
 18153 | Lair:1   | Noticed a five-headed hydra
 18448 | Lair:2   | Noticed a six-headed hydra
 19407 | Lair:2   | Found a hole to the Spider Nest.
 20587 | Lair:4   | Noticed a six-headed hydra
 22274 | Lair:5   | Identified a scroll of acquirement
 22276 | Lair:5   | Got a faintly glowing scale mail
 22934 | Lair:5   | Reached skill level 10 in Fighting
 22934 | Lair:5   | Reached XP level 12. HP: 55/97 MP: 12/12
 23054 | Lair:5   | Noticed a five-headed hydra
 23242 | Lair:5   | Found a staircase to the Slime Pits.
 23471 | Lair:5   | Reached skill level 11 in Unarmed Combat
 23629 | Lair:3   | Found a staircase to the Swamp.
 24606 | Lair:1   | Noticed Grum
 24619 | Lair:1   | Killed Grum
 25051 | Lair:1   | Noticed Joseph
 26606 | Orc:1    | Found Jeoteved's Weapon Boutique.
 26621 | Orc:1    | Killed letownia's ghost
 26688 | D:9      | Mangled by a black mamba

Skill      XL: |  1  2  3  4  5  6  7  8  9 10 11 12 |
---------------+-------------------------------------+-----
Unarmed Combat | 3 4 5 7 8 9 10 11 | 11.8
Fighting       | 4 5 6 7 8 10 | 10.8
Shields        | 1 2 4 5 6 7 |  7.8
Dodging        | 3 4 5 6 7 8 |  8.1
Stealth        | |  1.5

Action                   |  1- 3 |  4- 6 |  7- 9 | 10-12 || total
-------------------------+-------+-------+-------+-------++-------
Melee: Unarmed           |   158 |   287 |   570 |  1092 ||  2107
       Punch             |       |     3 |       |       ||     3
  Use: Scroll            |     2 |     5 |    11 |     9 ||    27
 Stab: Sleeping          |     1 |     5 |     2 |     2 ||    10
       Distracted        |       |       |     3 |     2 ||     5
       Confused          |       |       |       |     1 ||     1
Armor: Skin              |     4 |     9 |    60 |    93 ||   166
Dodge: Dodged            |    82 |   135 |   199 |   487 ||   903
Block: Shield            |       |    70 |   259 |   536 ||   865
